AoeStats
← rpgjenkins

Four Lakes

509710102Analyzed
1v1 RM · 4d ago on Sep 27, 2026· 21m 2s· 2 players
Game mode
Random Map
Map size
Tiny (2 player)
Population
200
Speed
Normal
Resources
Standard
Victory
Conquest
Starting age
Dark Age
Ending age
Imperial Age
RankedLock teamsTeams togetherTeam positionsShared explorationLock speedFull tech treeHidden civsTurbo modeCheats
Victory
Defeat
🇨🇦 Ethiopians · Canada
850
+15
🇨🇱 Aztecs · Chile
838
-15
juanbravo_g
1:30 Loom
10:29 Feudal Age
18:27 Horse Collar
19:41 Padded Archer Armor
20:50 Fletching
rpgjenkins
11:24 Feudal Age
15:39 Castle Age
16:53 Scale Mail Armor
17:04 Forging
19:56 Arson
Connection lost

Rejoining the realm…

Still unreachable

The connection could not be restored.

Session expired

The server has moved on; the page needs a fresh start.